 Dungeon Crawl Stone Soup version 0.21.0-3-g78d12a8 (webtiles) character file.

581 teukkam the Protected (level 7, -10/52 HPs)
             Began as a Gnoll Wanderer on Jan 10, 2018.
             Was an Initiate of Wu Jian.
             Killed by divine providence
             ... invoked by an orc priest
              (16 damage)
             ... on level 5 of the Dungeon on Jan 11, 2018.
             The game lasted 00:24:13 (4606 turns).

teukkam the Protected (Gnoll Wanderer)              Turns: 4606, Time: 00:24:14

Health: -10/52     AC: 13    Str: 18      XL:     7   Next: 36%
Magic:  10/10      EV: 11    Int: 12 (13) God:    Wu Jian [......]
Gold:   333        SH:  0    Dex: 13 (14) Spells: 10/10 levels left

rFire    . . .     SeeInvis +   u - +0 trident (curse)
rCold    . . .     Gourm    .   (no shield)
rNeg     . . .     Faith    .   c - +2 scale mail
rPois    +         Spirit   .   (no helmet)
rElec    .         Reflect  .   (no cloak)
rCorr    .         Harm     .   p - +0 pair of gloves
MR       .....                  (no boots)
Stlth    ..........             (no amulet)
HPRegen  0.00/turn              l - ring of loudness (curse)
MPRegen  0.12/turn              y - ring of poison resistance

@: about to teleport
A: distributed training, fangs 1, talons 1, molten scales 1, see invisible,
inhibited regeneration, strong nose
a: Renounce Religion


You were on level 5 of the Dungeon.
You worshipped Wu Jian.
Wu Jian was noncommittal.
You were not hungry.

You visited 1 branch of the dungeon, and saw 5 of its levels.
You also visited: Sewer.

You collected 333 gold pieces.

Inventory:

Hand Weapons
 a - a +3 short sword of flaming
 b - a +0 hand crossbow
 e - a +0 dagger
 i - a +0 blowgun
 j - a +0 falchion
 m - a +1 dagger of pain
 n - a +1 mace of protection
 q - a +0 short sword of speed
 u - a cursed +0 trident (weapon)
Missiles
 d - 100 bolts
 k - 13 poisoned needles
 s - 2 tomahawks of returning (quivered)
Armour
 c - a +2 scale mail (worn)
 p - a +0 pair of gloves (worn)
Jewellery
 l - a cursed ring of loudness (left hand)
 y - a ring of poison resistance (right hand)
Wands
 h - a wand of paralysis (12)
Scrolls
 o - a scroll of magic mapping
 r - a scroll of teleportation
 x - a scroll of identify
 A - a scroll of fear
Potions
 g - a potion of heal wounds
 t - 4 potions of brilliance
 z - a potion of resistance
 B - a potion of curing
Books
 w - a book of Misfortune

   Spells                             Type                      Level
   a - Confusing Touch                Hexes                        1
   b - Confuse                        Hexes                        3
   c - Gell's Gravitas                Translocation                3
   d - Petrify                        Transmutation/Earth          4
   e - Metabolic Englaciation         Hexes/Ice                    5
   f - Yara's Violent Unravelling     Hexes/Transmutation          5
Comestibles
 f - 8 rations


   Skills:
 + Level 3.5 Fighting
 + Level 2.4 Short Blades
 + Level 3.5 Long Blades
 + Level 2.4 Axes
 + Level 2.4 Maces & Flails
 + Level 2.4 Polearms
 + Level 2.4 Staves
 + Level 2.4 Slings
 + Level 2.4 Bows
 + Level 3.5 Crossbows
 + Level 2.4 Throwing
 + Level 8.9 Armour
 + Level 2.4 Dodging
 + Level 4.8 Stealth
 + Level 3.5 Shields
 + Level 2.4 Unarmed Combat
 + Level 2.4 Spellcasting
 + Level 2.0 Conjurations
 + Level 2.0 Hexes
 + Level 2.0 Charms
 + Level 2.0 Summonings
 + Level 2.0 Necromancy
 + Level 2.0 Translocations
 + Level 2.0 Transmutations
 + Level 2.0 Fire Magic
 + Level 2.0 Ice Magic
 + Level 2.0 Air Magic
 + Level 2.0 Earth Magic
 + Level 2.0 Poison Magic
 + Level 2.6 Invocations
 + Level 2.4 Evocations


You had 10 spell levels left.
You didn't know any spells.

Dungeon Overview and Level Annotations

Branches:
Dungeon (5/15)             Temple (0/1) D:4

Altars:
Elyvilon
Hepliaklqana
Qazlal
Wu Jian
Zin


Innate Abilities, Weirdness & Mutations

Your experience applies equally to all skills.
You have very sharp teeth.
Your uncanny sense of smell can sniff out nearby items.
You have sharp toenails.
You are partially covered in molten scales. (AC +2)
You have supernaturally acute eyesight. (SInv)
You do not regenerate when monsters are visible.


Message History

You throw a tomahawk of returning.
The tomahawk of returning barely misses the orc.
The tomahawk of returning returns to your pack!
An orc and an orc priest come into view.
Throwing (i - inventory):
s - 2 tomahawks of returning (quivered)
Press: ? - help, Shift-Dir - straight line, f/p - orc
Aim: an orc, wielding a short sword and wearing a ring mail You throw a tomahawk of returning.
The tomahawk of returning hits the orc.
The orc is moderately wounded.
The tomahawk of returning returns to your pack!
The orc priest calls upon Beogh to heal the orc.
The orc's wounds heal themselves!
As you read the scroll of teleportation, it crumbles to dust.
You feel strangely unstable.
You feel yourself slow down.
You lunge at the orc.
You hit the orc but do no damage. Your kick misses the orc.
The orc priest mumbles some strange prayers to Beogh against you.
Beogh smites you!
You die...

###### . .
.# #
######.#.#
#.........
#....>oo..
#.........
#.@o......
##########


You could see an orc priest and 2 orcs.

Vanquished Creatures
  Edmund (D:4)
  A scorpion (D:4)
  A crimson imp (D:5)
  A bullfrog zombie (D:5)
  An orc wizard (D:5)
  Terence (D:2)
  3 worker ants
  2 hound skeletons (D:4)
  6 adders
  2 river rats (Sewer)
  An ooze (D:4)
  7 worms
  2 dart slugs
  5 leopard geckos
  8 orcs
  6 bats
  2 giant cockroaches
  14 goblins
  7 hobgoblins
  4 jackals
  9 kobolds
  3 quokkas
  A ball python (D:3)
  12 frilled lizards
  11 rats
111 creatures vanquished.

Notes
Turn   | Place    | Note
-------+----------+-------------------------------------------
     0 | D:1      | teukkam the Gnoll Wanderer began the quest for the Orb.
     0 | D:1      | teukkam set off with: a +2 scale mail, a +0 falchion, a +0 hand crossbow, 31 bolts, a +0 dagger, a ration
     0 | D:1      | Reached XP level 1. HP: 17/17 MP: 1/1
   158 | D:1      | Reached XP level 2. HP: 23/23 MP: 2/2
   291 | D:1      | Reached XP level 3. HP: 26/28 MP: 3/3
   875 | D:2      | Noticed Terence
   914 | D:2      | Killed Terence
   914 | D:2      | Reached skill level 1 in Short Blades
   914 | D:2      | Reached skill level 1 in Axes
   914 | D:2      | Reached skill level 1 in Maces & Flails
   914 | D:2      | Reached skill level 1 in Polearms
   914 | D:2      | Reached skill level 1 in Staves
   914 | D:2      | Reached skill level 1 in Slings
   914 | D:2      | Reached skill level 1 in Bows
   914 | D:2      | Reached skill level 1 in Throwing
   914 | D:2      | Reached skill level 1 in Dodging
   914 | D:2      | Reached skill level 1 in Unarmed Combat
   914 | D:2      | Reached skill level 1 in Spellcasting
   914 | D:2      | Reached skill level 1 in Invocations
   914 | D:2      | Reached skill level 1 in Evocations
   914 | D:2      | Reached XP level 4. HP: 34/34 MP: 5/5
  1215 | D:2      | Gained mutation: You are frail. (-10% HP) [potion of mutation]
  1215 | D:2      | Gained mutation: Your body sometimes deteriorates upon taking damage. [potion of mutation]
  1215 | D:2      | Gained mutation: You have supernaturally acute eyesight. (SInv) [potion of mutation]
  1313 | D:3      | Found a glowing drain.
  1335 | Sewer    | Entered a sewer
  1342 | Sewer    | Reached skill level 1 in Conjurations
  1342 | Sewer    | Reached skill level 1 in Hexes
  1342 | Sewer    | Reached skill level 1 in Charms
  1342 | Sewer    | Reached skill level 1 in Summonings
  1342 | Sewer    | Reached skill level 1 in Necromancy
  1342 | Sewer    | Reached skill level 1 in Translocations
  1342 | Sewer    | Reached skill level 1 in Transmutations
  1342 | Sewer    | Reached skill level 1 in Fire Magic
  1342 | Sewer    | Reached skill level 1 in Ice Magic
  1342 | Sewer    | Reached skill level 1 in Air Magic
  1342 | Sewer    | Reached skill level 1 in Earth Magic
  1342 | Sewer    | Reached skill level 1 in Poison Magic
  1652 | Sewer    | Reached XP level 5. HP: 33/36 MP: 6/6
  2300 | D:3      | Lost mutation: Your body sometimes deteriorates upon taking damage. [potion of mutation]
  2300 | D:3      | Lost mutation: You are frail. (-10% HP) [potion of mutation]
  2300 | D:3      | Gained mutation: You have sharp toenails. [potion of mutation]
  2300 | D:3      | Gained mutation: You do not regenerate when monsters are visible. [potion of mutation]
  2300 | D:3      | Gained mutation: You are partially covered in molten scales. (AC +2) [potion of mutation]
  2605 | D:3      | Found a glowing silver altar of Zin.
  3693 | D:4      | Reached XP level 6. HP: 47/47 MP: 8/8
  3864 | D:4      | Found an ornate altar of the Wu Jian Council.
  3874 | D:4      | Became a worshipper of the Wu Jian Council
  4030 | D:4      | Found a staircase to the Ecumenical Temple.
  4087 | D:4      | Noticed Edmund
  4105 | D:4      | Killed Edmund
  4105 | D:4      | Reached XP level 7. HP: 52/52 MP: 10/10
  4194 | D:5      | Entered Level 5 of the Dungeon
  4194 | D:5      | Found a hazy altar of Hepliaklqana.
  4200 | D:5      | Found a stormy altar of Qazlal.
  4325 | D:5      | Found a white marble altar of Elyvilon.
  4606 | D:5      | Killed from afar by an orc priest

Skill      XL: |  1  2  3  4  5  6  7 |
---------------+----------------------+-----
Short Blades   | 1 2 |  2.4
Axes           | 1 2 |  2.4
Maces & Flails | 1 2 |  2.4
Polearms       | 1 2 |  2.4
Staves         | 1 2 |  2.4
Slings         | 1 2 |  2.4
Bows           | 1 2 |  2.4
Throwing       | 1 2 |  2.4
Dodging        | 1 2 |  2.4
Unarmed Combat | 1 2 |  2.4
Spellcasting   | 1 2 |  2.4
Invocations    | 1 2 |  2.6
Evocations     | 1 2 |  2.4
Conjurations   | 1 2 |  2.0
Hexes          | 1 2 |  2.0
Charms         | 1 2 |  2.0
Summonings     | 1 2 |  2.0
Necromancy     | 1 2 |  2.0
Translocations | 1 2 |  2.0
Transmutations | 1 2 |  2.0
Fire Magic     | 1 2 |  2.0
Ice Magic      | 1 2 |  2.0
Air Magic      | 1 2 |  2.0
Earth Magic    | 1 2 |  2.0
Poison Magic   | 1 2 |  2.0
Fighting       | 3 |  3.5
Long Blades    | 3 |  3.5
Crossbows      | 3 |  3.5
Shields        | 3 |  3.5
Armour         | |  8.9
Stealth        | |  4.8

Action                   |  1- 3 |  4- 6 |  7- 9 || total
-------------------------+-------+-------+-------++-------
Melee: Falchion          |   115 |   221 |       ||   336
       Bite              |     7 |    23 |     7 ||    37
       Kick              |       |    25 |    15 ||    40
       Short sword       |       |    31 |       ||    31
       Trident           |       |       |    73 ||    73
 Fire: Hand crossbow     |     3 |    18 |       ||    21
Throw: Tomahawk          |       |     9 |     5 ||    14
Invok: Lunge             |       |     2 |     3 ||     5
Evoke: Wand              |       |     1 |       ||     1
  Use: Potion            |     1 |     9 |     2 ||    12
       Scroll            |       |     7 |     3 ||    10
 Stab: Sleeping          |       |     2 |       ||     2
       Paralysed         |       |     6 |       ||     6
  Eat: Chunk             |       |     7 |     2 ||     9
       Ration            |       |     1 |       ||     1
Armor: Scale mail        |    47 |   129 |    35 ||   211
       Skin              |    24 |       |       ||    24
Dodge: Dodged            |    48 |   119 |    33 ||   200
       Rpst.: Falchion   |    15 |    39 |       ||    54
